 Dungeon Crawl Stone Soup version 0.30-a0-297-g0ec75d9ef4 (webtiles) character file.

Game seed: 13389408334556439501

80483 chippings the Impaler (level 15, -10/117 (119) HPs)
             Began as a Merfolk Gladiator on Oct 18, 2022.
             Was the Champion of Okawaru.
             Mangled by a pharaoh ant (37 damage)
             ... on level 2 of the Spider Nest.
             The game lasted 01:09:51 (22311 turns).

chippings the Impaler (Merfolk Gladiator)          Turns: 22311, Time: 01:09:52

HP:   -10/117 (119) AC: 19    Str: 24    XL:     15   Next: 67%
MP:   0/24          EV: 18    Int:  8    God:    Okawaru [******]
Gold: 1616          SH:  0    Dex: 27    Spells: 12/14 levels left

rFire   + . .      SeeInvis +    T - +11 glaive of Gugifion {vorpal, rElec rF+ Dex-2}
rCold   + + .      Faith    .    (shield currently unavailable)
rNeg    + + .      Spirit   +    e - +0 chain mail of Tenih {Will+ rCorr Str+5}
rPois   +          Reflect  .    j - +2 helmet
rElec   +          Harm     +    s - +0 cloak of Nywaoc {rC+ rN+ SInv}
rCorr   +          Rampage  .    Z - +1 pair of gloves {infuse}
Will    +++..                    o - +0 pair of boots
Stlth   ++........               I - amulet of Leaves {Spirit Harm rN+ Will+ Dex+6}
HPRegen 0.39/turn                r - ring "Lasimeha" {rC+ AC+4 Dex+5}
MPRegen 0.19/turn                K - ring of poison resistance

@: about to teleport, studying Unarmed Combat, lightly drained
A: (nimble swimmer 2), mertail
a: Renounce Religion, Heroism, Finesse, Duel


You were on level 2 of the Spider Nest.
You worshipped Okawaru.
Okawaru was exalted by your worship.
You visited 4 branches of the dungeon, and saw 21 of its levels.
You also visited: Sewer and Volcano.

You collected 1915 gold pieces.
You spent 299 gold pieces at shops.

Inventory:

Hand Weapons
 T - the +11 glaive of Gugifion (weapon) {vorpal, rElec rF+ Dex-2}
   (Okawaru gifted it to you on level 11 of the Dungeon)

   It inflicts extra damage upon your enemies.
   Dex:       It affects your dexterity (-2).
   rF:        It protects you from fire.
   rElec:     It insulates you from electricity.
Missiles
 a - 18 curare-tipped darts
 d - 2 throwing nets
 g - 16 boomerangs (quivered)
 l - 18 javelins
 J - 19 poisoned darts
 N - a silver javelin
 O - 9 silver boomerangs
 P - 3 boomerangs of dispersal
 Q - 3 atropa-tipped darts
 Y - 2 datura-tipped darts
Armour
 e - the +0 chain mail of Tenih (worn) {Will+ rCorr Str+5}
   (Okawaru gifted it to you on level 5 of the Lair of Beasts)

   Str:       It affects your strength (+5).
   rCorr:     It protects you from acid and corrosion.
   Will:      It increases your willpower.
 j - a +2 helmet (worn)
 o - a +0 pair of boots (worn)
 s - the +0 cloak of Nywaoc (worn) {rC+ rN+ SInv}
   (You found it in a sewer)

   rC:        It protects you from cold.
   rN:        It protects you from negative energy.
   SInv:      It lets you see invisible.
 Z - a +1 pair of gloves of infusion (worn)
Jewellery
 r - the ring "Lasimeha" (left hand) {rC+ AC+4 Dex+5}
   (You found it on level 3 of the Lair of Beasts)

   [ring of protection]

   AC:        It affects your AC (+4).
   Dex:       It affects your dexterity (+5).
   rC:        It protects you from cold.
 t - the ring "Ziadwuw" {rF+ rN+ Str+7}
   (You acquired it on level 5 of the Lair of Beasts)

   [ring of positive energy]

   Str:       It affects your strength (+7).
   rF:        It protects you from fire.
   rN:        It protects you from negative energy.
 I - the amulet of Leaves (around neck) {Spirit Harm rN+ Will+ Dex+6}
   (You found it on level 5 of the Lair of Beasts)

   [amulet of guardian spirit]

   It causes incoming damage to be divided between your reserves of health and
   magic.
   Dex:       It affects your dexterity (+6).
   rN:        It protects you from negative energy.
   Harm:      It increases damage dealt and taken.
   Will:      It increases your willpower.
 K - a ring of poison resistance (right hand)
 U - a ring of flight
Wands
 z - a wand of flame (52)
 L - a wand of light (15)
 X - a wand of roots (3)
Scrolls
 h - 7 scrolls of teleportation
 m - 4 scrolls of fear
 w - 2 scrolls of immolation
 x - a scroll of fog
 y - a scroll of torment
 A - 2 scrolls of enchant weapon
 B - a scroll of magic mapping
 C - 3 scrolls of silence
 D - a scroll of brand weapon
 E - 2 scrolls of blinking
 G - 4 scrolls of noise
 H - 2 scrolls of poison
 V - a scroll of enchant armour
Potions
 b - 10 potions of flight
 c - 9 potions of curing
 f - a potion of cancellation
 i - 4 potions of haste
 k - 2 potions of magic
 n - 3 potions of invisibility
 p - a potion of berserk rage {unknown}
 q - 4 potions of might
 u - 3 potions of heal wounds
 v - 4 potions of lignification {unknown}
 F - a potion of mutation {unknown}
 M - 2 potions of ambrosia {unknown}
 S - a potion of attraction {unknown}
 W - 3 potions of resistance {unknown}
Miscellaneous
 R - a condenser vane


   Skills:
 + Level 11.3 Fighting
 + Level 18.0 Polearms
 + Level 13.9 Throwing
 + Level 12.7 Dodging
 + Level 9.0 Stealth
 - Level 3.0 Transmutations
 - Level 2.0 Earth Magic
 * Level 12.0 Invocations
 * Level 4.1 Evocations


You had 12 spell levels left.
You knew the following spells:

 Your Spells              Type           Power      Damage    Failure   Level
a - Passwall              Tmut/Erth      3%         N/A       90%         2

Your spell library contained the following spells:

 Spells                   Type           Power      Damage    Failure   Level
 Beastly Appendage        Tmut           8%         N/A       73%         1
 Sandblast                Erth           6%         2d5       86%         1
 Wereblood                Tmut           4%         N/A       86%         2
 Magic Dart               Conj           0%         1d3       98%         1
 Cigotuvi's Dreadful Rot  Necr/Pois/Air  0%         N/A       99%         2
 Static Discharge         Conj/Air       0%         2-2/arc   99%         2
 Sublimation of Blood     Necr           0%         N/A       99%         2
 Spider Form              Tmut/Pois      2%         N/A       99%         3
 Dazzling Flash           Conj/Hex       0%         N/A       100%        3
 Inner Flame              Hex/Fire       0%         N/A       100%        3
 Mephitic Cloud           Conj/Pois/Air  0%         N/A       100%        3
 Portal Projectile        Hex/Tloc       0%         N/A       100%        3
 Stone Arrow              Conj/Erth      2%         3d7       100%        3
 Vhi's Electric Charge    Tloc/Air       0%         N/A       100%        3
 Anguish                  Hex/Necr       0%         N/A       100%        4
 Cause Fear               Hex            0%         N/A       100%        4
 Dispel Undead            Necr           0%         3d6       100%        4
 Fulminant Prism          Conj/Hex       0%         3d6       100%        4
 Agony                    Necr           0%         N/A       100%        5
 Arcjolt                  Conj/Air       0%         1d10      100%        5
 Blade Hands              Tmut           2%         N/A       100%        5
 Freezing Cloud           Conj/Ice/Air   0%         6-21      100%        5
 Lightning Bolt           Conj/Air       0%         1d11      100%        5
 Silence                  Hex/Air        0%         N/A       100%        5
 Iron Shot                Conj/Erth      0%         9d1       100%        6
 Enfeeble                 Hex            0%         N/A       100%        7
 Discord                  Hex            0%         N/A       100%        8
 Polar Vortex             Ice            0%         N/A       100%        9
 Call Imp                 Summ           Unusable   N/A       N/A         2
 Tukima's Dance           Hex            Unusable   N/A       N/A         3
 Death Channel            Necr           Unusable   N/A       N/A         6
 Simulacrum               Ice/Necr       Unusable   N/A       N/A         6
 Summon Hydra             Summ           Unusable   N/A       N/A         7

Dungeon Overview and Level Annotations

Branches:
Dungeon (12/15)            Temple (0/1) D:7            Lair (5/5) D:9
  Swamp (0/4) Lair:3       Spider (2/4) Lair:2        Slime (0/5) Lair:5
    Orc (2/2) D:9             Elf (0/3) Orc:2         Sewer (visited)
Volcano (visited)

Altars:
Cheibriados
Dithmenos
Fedhas
Gozag
Hepliaklqana
Kikubaaqudgha
Makhleb
Nemelex Xobeh
Okawaru
Qazlal
Sif Muna
Wu Jian
Yredelemnul
Lugonu

Shops:
D:7 *   Orc:1 (   Orc:2 *(=(

Portals:
Abyss: Lair:5


Innate Abilities, Weirdness & Mutations

((You are very nimble when in or above water. (Stealth+, EV+, Speed+++)))
Your lower body shifts to a powerful aquatic tail in water.


Message History

You hit the torpor snail but do no damage.
The torpor snail barely misses you.
You barely miss the torpor snail.
The torpor snail bites you but does no damage.
You slice the torpor snail!!
The torpor snail is severely wounded.
The torpor snail misses you.
You hit the torpor snail.
The torpor snail is almost dead.
The torpor snail bites you!
You slash the torpor snail!
You kill the torpor snail!
Okawaru accepts your kill. Okawaru crowns you victorious!
An exit appears.
You feel yourself speed up.
Okay, then.
Okay, then.
There is an empty arch of ancient stone, spattered with blood here.
Okawaru bids you farewell from the Arena.
You are returned from the Arena.
Welcome back to the Spider Nest!
A pharaoh ant comes into view.
The pharaoh ant gives a chilling moan.
As you read the scroll of teleportation, it crumbles to dust.
You feel strangely unstable. The pharaoh ant bites you!! You partially resist.
You feel drained.
The meliai mumbles some strange prayers to its god against you.
Something smites you!
The meliai calls down the wrath of its god upon you.
Something smites you!
* * * LOW HITPOINT WARNING * * *
The demonic crawler completely misses you.
The demonic crawler hits you.
* * * LOW HITPOINT WARNING * * *
The demonic crawler misses you.
As you read the scroll of fear, it crumbles to dust.
You assume a fearsome visage.
The demonic crawler looks frightened!
The pharaoh ant is unaffected.
The culicivora looks frightened!
The steelbarb worm looks frightened!
The meliai looks frightened! x3
The pharaoh ant bites you!!
You die...

####...## ##^#.....# #....##### .
##.....# .. #.###...## ### ...
..#.#....# ##.# ....
##..#..(..#####..# .....
....#[....###....#w.)...
....#[....#.....@s.y.y..
....#......^.....B..s...
.<..##.............y^.## ##
...###..^....######..... ##.
.....#............####.# ####..
#....##........^...##### ##.#...
##..[##.^..........##^(## #..#...
.#....#^....###.....#...###......
..>...#.......##.#^##^..#.#......


You could see a steelbarb worm (fleeing), a demonic crawler (fleeing), a
culicivora (fleeing), a pharaoh ant and 3 meliai.

Vanquished Creatures
  2 orc warlords
  2 broodmothers (Spider:2)
  A spark wasp (Spider:1)
  An entropy weaver (Spider:1)
  The ghost of Jethan the Nimble, a journeyman DjHW of Ashenzari (Lair:1)
  7 hydras
  A catoblepas (Lair:5)
  2 boulder beetles
  4 two-headed ogres
  4 death yaks (Lair:5)
  An orc high priest (Orc:2)
  4 thrashing horrors (Lair:5)
  Urug (Lair:4)
  Sonja (D:10)
  A sun moth (Spider:2)
  A pharaoh ant (Spider:2)
  10 orc sorcerers
  2 wolf spiders (Spider:2)
  2 cyclopes
  3 ugly things (Lair:5)
  13 elephants
  7 black mambas
  Maurice (Orc:2)
  15 cane toads
  3 smoke demons (Lair:5)
  An unseen horror (D:11)
  A torpor snail (Arena)
  A demonic crawler (Spider:1)
  An ancient zyme (Lair:5)
  5 rime drakes
  10 komodo dragons
  A kobold demonologist (D:11)
  3 trolls (Orc:2)
  5 polar bears
  6 tarantellas
  2 hornets
  14 small abominations (Lair:5)
  28 blink frogs
  A dream sheep (shapeshifter) (Lair:5)
  9 jumping spiders
  8 culicivoras
  3 wyverns
  A vampire (D:11)
  A wraith (D:11)
  A spriggan (Lair:5)
  A shadow (D:10)
  2 large abominations (Lair:5)
  16 redbacks
  26 yaks
  9 wargs
  2 steam dragons
  10 basilisks
  2 chaos spawn (Lair:5)
  3 vampire mosquitoes (D:11)
  Menkaure (D:4)
  4 swamp worms (Lair:3)
  25 water moccasins
  2 hell hounds (Lair:3)
  23 orc warriors
  A black bear (D:8)
  4 ice beasts
  12 ogres
  8 wolves
  10 centaurs
  4 boggarts (Lair:3)
  4 phantoms
  2 kobold brigands
  11 bullfrogs
  A necrophage (D:7)
  2 scorpions (D:4)
  7 wights
  14 killer bees
  An electric eel (Lair:2)
  3 howler monkeys (D:10)
  2 hounds
  15 orc priests
  A jelly (D:3)
  Ijyb (D:4)
  6 iguanas
  33 orc wizards
  Natasha (thrice) (D:4 D:3)
  19 adders
  3 gnolls (D:3)
  5 river rats (Sewer)
  A white imp (D:5)
  7 worms
  A dart slug (D:3)
  99 orcs
  6 ball pythons
  7 endoplasms
  11 giant cockroaches
  11 goblins
  4 hobgoblins
  13 jackals
  9 kobolds
  8 quokkas
  11 bats
  2 frilled lizards (D:1)
  8 rats
  A spectral orc (D:5)
689 creatures vanquished.

Vanquished Creatures (others)
  2 bushes (D:9)
  31 fungi
  45 plants
  7 withered plants (D:7)
85 creatures vanquished.

Grand Total: 774 creatures vanquished

Notes
Turn   | Place    | Note
-------+----------+-------------------------------------------
     0 | D:1      | chippings the Merfolk Gladiator began the quest for the
                  | Orb.
     0 | D:1      | Reached XP level 1. HP: 16/16 MP: 1/1
   245 | D:1      | Reached XP level 2. HP: 22/23 MP: 2/2
   774 | D:2      | Reached XP level 3. HP: 26/28 MP: 3/3
  1153 | D:2      | Reached XP level 4. HP: 35/35 MP: 4/4
  1393 | D:3      | Found a shadowy altar of Dithmenos.
  1439 | D:3      | Reached skill level 5 in Polearms
  1442 | D:3      | Reached skill level 5 in Dodging
  1442 | D:3      | Reached XP level 5. HP: 16/41 MP: 5/5
  1659 | D:3      | Identified the +2 helmet of the Vacuum {rPois Str+8 Slay-5
                  | Stlth-}
  1768 | D:3      | Found a shimmering blue altar of Sif Muna.
  1916 | D:3      | Found an iron altar of Okawaru.
  1935 | D:3      | Became a worshipper of Warmaster Okawaru
  2021 | D:3      | Found a snail-covered altar of Cheibriados.
  2103 | D:4      | Noticed Ijyb
  2219 | D:4      | Killed Ijyb
  2315 | D:4      | Noticed Natasha
  2325 | D:4      | Killed Natasha
  2326 | D:4      | Reached XP level 6. HP: 31/48 MP: 6/6
  2542 | D:4      | Reached * piety under Okawaru
  2543 | D:4      | Reached skill level 6 in Polearms
  2610 | D:4      | Noticed Natasha
  2622 | D:4      | Killed Natasha
  2674 | D:4      | Learned a level 2 spell: Passwall
  2777 | D:4      | Noticed Natasha
  2818 | D:3      | Reached skill level 1 in Transmutations
  2818 | D:3      | Reached XP level 7. HP: 45/54 MP: 7/7
  2821 | D:3      | Killed Natasha
  2879 | D:4      | Noticed Menkaure
  2915 | D:4      | Killed Menkaure
  2916 | D:4      | Reached skill level 1 in Earth Magic
  3684 | D:5      | Entered Level 5 of the Dungeon
  4324 | D:5      | Reached XP level 8. HP: 51/60 MP: 8/8
  4376 | D:5      | Reached ** piety under Okawaru
  4377 | D:5      | Reached skill level 7 in Polearms
  4644 | D:5      | Reached skill level 5 in Throwing
  4904 | D:5      | Found a basalt altar of Yredelemnul.
  4940 | D:6      | Found a stormy altar of Qazlal.
  5086 | D:6      | Found a glowing drain.
  5093 | Sewer    | Entered a sewer
  5537 | Sewer    | Identified the +0 cloak of Nywaoc {rC+ rN+ SInv}
  5743 | D:6      | Reached skill level 8 in Polearms
  5895 | D:6      | Found an ornate altar of the Wu Jian Council.
  5895 | D:6      | Found an opulent altar of Gozag.
  5966 | D:6      | Reached XP level 9. HP: 31/65 MP: 9/9
  6145 | D:6      | Reached skill level 9 in Polearms
  6283 | D:6      | Reached *** piety under Okawaru
  6605 | D:7      | Found a hazy altar of Hepliaklqana.
  6690 | D:7      | Found a staircase to the Ecumenical Temple.
  6693 | D:7      | Found Vihur's General Store.
  6856 | D:7      | Reached skill level 1 in Invocations
  6994 | D:7      | Found an ancient bone altar of Kikubaaqudgha.
  7040 | D:7      | Reached skill level 10 in Polearms
  7504 | D:7      | Received a gift from Okawaru
  7862 | D:8      | Noticed a two-headed ogre
  7874 | D:8      | Killed a two-headed ogre
  7874 | D:8      | Received a gift from Okawaru
  7874 | D:8      | Reached **** piety under Okawaru
  7875 | D:8      | Reached skill level 11 in Polearms
  7875 | D:8      | Reached XP level 10. HP: 71/71 MP: 13/13
  8249 | D:8      | Reached skill level 1 in Stealth
  8465 | D:8      | Noticed a two-headed ogre
  8489 | D:8      | Killed a two-headed ogre
  8490 | D:8      | Reached skill level 5 in Invocations
  8490 | D:8      | Reached skill level 1 in Evocations
  8556 | D:8      | Received a gift from Okawaru
  8637 | D:8      | Found a blossoming altar of Fedhas.
  9168 | D:9      | Found a staircase to the Orcish Mines.
  9397 | D:9      | Noticed a centaur warrior
  9711 | D:9      | Noticed a two-headed ogre
  9724 | D:9      | Killed a two-headed ogre
  9724 | D:9      | Reached ***** piety under Okawaru
  9724 | D:9      | Received a gift from Okawaru
  9725 | D:9      | Reached skill level 5 in Fighting
  9763 | D:9      | Reached skill level 10 in Dodging
  9763 | D:9      | Reached XP level 11. HP: 79/79 MP: 13/15
  9862 | D:9      | Found a staircase to the Lair.
  9881 | D:9      | Received a gift from Okawaru
 10271 | D:9      | Found a burning altar of Makhleb.
 10338 | D:9      | Received a gift from Okawaru
 10464 | D:10     | Entered Level 10 of the Dungeon
 10532 | D:10     | Noticed Sonja
 10545 | D:10     | Killed Sonja
 10546 | D:10     | Reached skill level 12 in Polearms
 10594 | D:10     | Identified the +5 hand axe "Asilozics" {venom, *Slow rElec
                  | rF+ Dex+2}
 10851 | D:10     | Found a sparkling altar of Nemelex Xobeh.
 10947 | D:10     | Received a gift from Okawaru
 11030 | D:10     | Noticed a two-headed ogre
 11055 | D:10     | Killed a two-headed ogre
 11310 | D:11     | Identified the +11 glaive of Gugifion {vorpal, rElec rF+
                  | Dex-2} (Okawaru gifted it to you on level 11 of the
                  | Dungeon)
 11310 | D:11     | Received a gift from Okawaru
 11311 | D:11     | Reached skill level 5 in Stealth
 11379 | D:11     | Identified the +8 hand axe "Rocry" {holy, rPois rF- rC+
                  | rCorr}
 11792 | D:12     | Noticed a cyclops
 11797 | D:12     | Noticed a boulder beetle
 11799 | D:12     | Killed a cyclops
 11814 | D:12     | Killed a boulder beetle
 11815 | D:12     | Reached XP level 12. HP: 66/88 MP: 17/17
 11895 | Lair:1   | Entered Level 1 of the Lair of Beasts
 12116 | Lair:1   | Received a gift from Okawaru
 12544 | Lair:1   | Found a runed translucent gate.
 12544 | Lair:1   | Found a runed translucent gate.
 12545 | Lair:1   | Found a runed translucent gate.
 12551 | Lair:1   | Noticed Jethan's ghost (journeyman DjHW)
 12563 | Lair:1   | Killed Jethan's ghost
 12564 | Lair:1   | Reached skill level 10 in Throwing
 12570 | Lair:1   | Identified the amulet "Weyrphue" {Acrobat Str+3 Dex-3 SInv}
 12613 | Lair:1   | Received a gift from Okawaru
 12614 | Lair:1   | Reached skill level 13 in Polearms
 12888 | Lair:1   | Found the +8 whip "Snakebite" {venom, curare, rPois}
 13201 | Lair:2   | Found a hole to the Spider Nest.
 14138 | Lair:3   | Noticed a six-headed hydra
 14139 | Lair:3   | Noticed a five-headed hydra
 14142 | Lair:3   | Reached XP level 13. HP: 90/98 MP: 19/19
 14148 | Lair:3   | Reached ****** piety under Okawaru
 14157 | Lair:3   | Received a gift from Okawaru
 14306 | Lair:3   | Found a dark tunnel.
 14320 | Volcano  | Entered a volcano
 14364 | Volcano  | Received a gift from Okawaru
 14378 | Volcano  | Reached skill level 14 in Polearms
 14615 | Lair:3   | Identified the ring "Lasimeha" {rC+ AC+4 Dex+5}
 14978 | Lair:3   | Found a staircase to the Swamp.
 15748 | Lair:4   | Noticed Urug
 15754 | Lair:4   | Killed Urug
 15940 | Lair:4   | Reached skill level 10 in Invocations
 16116 | Lair:4   | Reached skill level 15 in Polearms
 16391 | Lair:4   | Identified the +8 quick blade of Corruption {vorpal, rN++
                  | Str-3 Dex+2 Stlth+} (Okawaru gifted it to you on level 4 of
                  | the Lair of Beasts)
 16391 | Lair:4   | Received a gift from Okawaru
 16788 | Lair:5   | Entered Level 5 of the Lair of Beasts
 16813 | Lair:5   | Reached XP level 14. HP: 44/105 MP: 16/22
 17046 | Lair:5   | Received a gift from Okawaru
 17098 | Lair:5   | Reached skill level 16 in Polearms
 17293 | Lair:5   | Found a staircase to the Slime Pits.
 17488 | Lair:5   | Identified the +0 chain mail of Tenih {Will+ rCorr Str+5}
                  | (Okawaru gifted it to you on level 5 of the Lair of Beasts)
 17488 | Lair:5   | Received a gift from Okawaru
 18422 | Lair:5   | Identified the amulet of Leaves {Spirit Harm rN+ Will+
                  | Dex+6}
 18575 | Lair:5   | Found a corrupted altar of Lugonu.
 18575 | Lair:5   | Found a one-way gate to the infinite horrors of the Abyss.
 18582 | Lair:5   | Identified a scroll of acquirement
 18643 | Lair:5   | Received a gift from Okawaru
 18715 | Lair:5   | Acquired the ring "Ziadwuw" {rF+ rN+ Str+7}
 18962 | Orc:1    | Entered Level 1 of the Orcish Mines
 18962 | Orc:1    | Noticed an orc warlord
 18972 | Orc:1    | Killed an orc warlord
 18973 | Orc:1    | Reached skill level 10 in Fighting
 18973 | Orc:1    | Reached skill level 17 in Polearms
 19064 | Orc:1    | Found Buotamp's Antique Weapon Shoppe.
 19224 | Orc:2    | Entered Level 2 of the Orcish Mines
 19232 | Orc:2    | Reached XP level 15. HP: 109/115 MP: 20/24
 19334 | Orc:2    | Noticed an orc warlord
 19344 | Orc:2    | Killed an orc warlord
 19382 | Orc:2    | Found a staircase to the Elven Halls.
 19399 | Orc:2    | Received a gift from Okawaru
 19500 | Orc:2    | Received a gift from Okawaru
 19526 | Orc:2    | Found Qaamouho's Weapon Shop.
 19526 | Orc:2    | Found Fuhunlos's Jewellery Emporium.
 19863 | Orc:2    | Noticed Maurice
 19871 | Orc:2    | Killed Maurice
 20027 | Orc:2    | Received a gift from Okawaru
 20072 | Orc:2    | Found Utziybb's Weapon Shop.
 20072 | Orc:2    | Found Udyalyz's Assorted Antiques.
 20098 | Orc:2    | Bought a potion of magic for 184 gold pieces
 20098 | Orc:2    | Bought a potion of curing for 69 gold pieces
 20098 | Orc:2    | Bought a scroll of identify for 46 gold pieces
 20487 | Spider:1 | Entered Level 1 of the Spider Nest
 20683 | Spider:1 | Got Mezeules's Almanac of Battling
 20785 | Spider:1 | Received a gift from Okawaru
 21463 | Spider:1 | Received a gift from Okawaru
 21620 | Spider:2 | Received a gift from Okawaru
 21634 | Spider:2 | Reached skill level 18 in Polearms
 21648 | Spider:2 | Received a gift from Okawaru
 22287 | Arena    | Entered the Arena
 22311 | Spider:2 | Mangled by a pharaoh ant

Illustrated notes

Levels and vault maps discovered:
D:1:      dpeg_arrival_pond, layout_basic
D:2:      layout_basic
D:3:      layout_loops_cross, mainiacjoe_overflow_cross_hatched,
          nicolae_dithmenos_shadow_blocks, cheibrodos_worm_habitat,
          nicolae_sif_muna_condensation, corexii_hall_statues_s
D:4:      layout_gridville, due_unseen_surprise, uniq_menkaure, uniq_natasha,
          uniq_ijyb
D:5:      layout_basic, yredelemnul_forgotten_temple_becter
D:6:      layout_basic, nicolae_overflow_hidden_temple, jmf_multi_god_temple,
          gup_sewer_entry_bubbles
D:7:      layout_loops_corners, amcnicky_altar_gilded,
          kiku_gazebo_garden_becter, temple_statues, serial_shops, shop
D:8:      layout_loops_corners, lemuel_coloured_pillars_altar,
          minmay_chambers_of_fives
D:9:      layout_irregular_city, kennysheep_little_box, minmay_lair_entry_grove,
          hiddenorc2_lemuel, grunt_decor_mini_mirrors
D:10:     layout_loops_cross, nemelex_xobeh_ov_fountains_minmay, uniq_sonja
D:11:     layout_rooms
D:12:     layout_basic, nicolae_trove_entry_crossroad, uniq_frances
Lair:1:   minmay_guarded_unrand_snakebite, layout_misc_corridors,
          ebering_ghost_rock_garden, serial_bayou_shore_b
Lair:2:   layout_cave_pods, spider_nest_entry_webs, grunt_megastairs_2,
          lemuel_fruit_fields, lemuel_fruit_tree, serial_bayou_shore_a,
          infiniplex_staircase_pool_2
Lair:3:   layout_long_grid, palyth_hydra_swamp_entry, enter_volcano_3,
          kilobyte_rumbling_trees, grunt_megastairs_1
Lair:4:   layout_loops_ring, uniq_urug
Lair:5:   hellmonk_lair_end_abyssal_woods, layout_misc_corridors,
          dpeg_slime_entry_enclosed, st_stairs_5, chequers_serial_rivers_marsh
Spider:1: layout_spider_delve
Spider:2: layout_spider_delve, gammafunk_ghost_cemetery, uniq_nikola
Orc:1:    layout_caves, serial_shops, shop, basic_altar
Orc:2:    st_orc_town, layout_caves, uniq_maurice

Skill      XL: |  1  2  3  4  5  6  7  8  9 10 11 12 13 14 15 |
---------------+----------------------------------------------+-----
Fighting       | 3 4 5 6 7 8 10 11 | 11.3
Throwing       | 3 4 6 8 9 10 12 13 | 13.9
Polearms       | 5 6 8 11 12 13 15 17 18 | 18.0
Dodging        | 5 6 8 9 10 11 12 | 12.7
Transmutations | 1 3 |  3.0
Earth Magic    | 2 |  2.0
Invocations    | 4 5 7 8 10 12 | 12.0
Stealth        | 3 5 7 8 9 |  9.0
Evocations     | 2 4 |  4.1

Action                   |  1- 3 |  4- 6 |  7- 9 | 10-12 | 13-15 || total
-------------------------+-------+-------+-------+-------+-------++-------
Melee: Trident           |   128 |   226 |   471 |   495 |       ||  1320
       Punch             |       |     3 |     7 |     9 |       ||    19
       Tailslap          |       |       |    10 |       |       ||    10
       Glaive            |       |       |       |   193 |   659 ||   852
Throw: Throwing net      |       |       |     2 |       |       ||     2
       Boomerang         |       |       |    29 |    44 |    59 ||   132
       Javelin           |       |       |     4 |    12 |    84 ||   100
       Dart              |       |       |       |    26 |       ||    26
 Cast: Passwall          |       |       |     1 |       |       ||     1
Invok: Heroism           |       |       |     3 |     9 |    13 ||    25
       Finesse           |       |       |       |       |     1 ||     1
       Duel              |       |       |       |       |     1 ||     1
Evoke: Wand              |       |       |     3 |     2 |       ||     5
  Use: Scroll            |       |       |     9 |    12 |     8 ||    29
       Potion            |       |       |     1 |       |       ||     1
 Stab: Sleeping          |     1 |       |     2 |       |     1 ||     4
       Invisible         |       |       |       |     4 |       ||     4
       Distracted        |       |       |       |       |     1 ||     1
Armor: Leather armour    |    17 |       |       |       |       ||    17
       Ring mail         |    22 |    75 |    95 |    38 |       ||   230
       Chain mail        |       |       |       |   218 |   229 ||   447
Dodge: Dodged            |    62 |   144 |   271 |   350 |   429 ||  1256

Table legend: (Time is in decaauts)
 A = Elapsed time spent in this place.
 B = Non-inter-level travel time spent in this place.
 C = Inter-level travel time spent in this place.
 D = Time resting spent in this place.
 E = Time spent auto-exploring this place.
 F = Levels seen in this place.
 G = Mean time per level.
                   A        B        C        D        E       F      G
               +--------+--------+--------+--------+--------+-----+--------+
         Total |  21873 |  21133 |    740 |    837 |  13649 |  24 |  911.4 |
       Dungeon |  11334 |  10924 |    410 |    399 |   7094 |  12 |  944.5 |
          Lair |   6880 |   6632 |    248 |    250 |   4426 |   5 | 1376.0 |
   Spider Nest |   1765 |   1753 |     12 |    176 |   1229 |   2 |  882.5 |
  Orcish Mines |   1395 |   1327 |     68 |      0 |    751 |   2 |  697.5 |
         Sewer |    381 |    381 |      0 |      0 |    148 |   1 |  381.0 |
       Volcano |     94 |     94 |      0 |     12 |      0 |   1 |   94.0 |
         Arena |     23 |     23 |      0 |      0 |      0 |   1 |   23.0 |
               +--------+--------+--------+--------+--------+-----+--------+

Top non-repeatable levels by time:
  Lair:5: 2025 daAuts
     D:9: 1724 daAuts
  Lair:3: 1508 daAuts
     D:4: 1446 daAuts
     D:5: 1245 daAuts
     D:7: 1227 daAuts
  Lair:1: 1169 daAuts
   Orc:2: 1139 daAuts
  Lair:2: 1128 daAuts
     D:6: 1124 daAuts
Spider:1: 1084 daAuts
  Lair:4: 1048 daAuts
     D:3: 983 daAuts
     D:8: 928 daAuts
     D:1: 772 daAuts
